Map: Interloper LE

Players

Misek - Winner!

  • Race: Terran Terran
  • League: Gold
  • Spawn Location: 11:00

TakeSumNotes

  • Race: Terran Terran
  • League: Gold
  • Spawn Location: 5:00

VOD

Have the link to the VOD?

Description

Time

  • Played on: Aug. 15, 2017, 12:54 p.m.
  • Length: 5:57
Show
View Real Time Build Order
Export as new Build Order

Misek Terran - Winner!

Build Orders:  

Get SALT Encoding   

  12  0:03  SCV  
  13  0:15  Supply Depot  
  13  0:19  SCV  
  14  0:34  SCV  
  15  0:39  Barracks  
  15  0:44  Refinery  
  15  0:50  Refinery  
  15  0:55  SCV  
  16  1:07  SCV  
  17  1:19  SCV  
  18  1:27  Supply Depot  
  18  1:28  Barracks Tech Lab  
  18  1:31  SCV  
  19  1:40  Factory  
  19  1:47  Marine  
  19  2:00  SCV  
  20  2:12  Marine  
  20  2:13  SCV  
  22  2:20  Supply Depot  
  22  2:25  Stimpack  
  22  2:36  Starport  
  22  2:43  Factory Tech Lab  
  22  2:44  Marine  
  22  2:46  SCV  
  24  2:58  SCV  
  24  3:04  Siege Tank  
  28  3:07  Marine  
  29  3:14  Medivac  
  29  3:18  SCV  
  32  3:30  Marine  
  33  3:36  Cyclone  
  36  3:43  Supply Depot  
  36  3:46  Medivac  
  38  3:48  Marine  
  39  4:02  Supply Depot  
  39  4:05  SCV  
  39  4:06  Marine  
  41  4:13  Siege Tank  
  44  4:18  Medivac  
  44  4:24  Marine  
  46  4:30  Orbital Command  
  47  4:42  Marine  
  47  4:45  Siege Tank  
  51  4:56  Starport Tech Lab  
  51  5:07  Marine, Engineering Bay  
  52  5:38  Marine  
  53  5:48  Supply Depot  
  53  5:50  Supply Depot  
  53  5:52  Supply Depot  
  53  5:54  Supply Depot  
  53  5:55  Supply Depot  
Show
View Real Time Build Order
Export as new Build Order

TakeSumNotes Terran 

Build Orders: Reaper Expand 

Get SALT Encoding   

  12  0:01  SCV  
  13  0:13  SCV  
  14  0:17  Supply Depot  
  14  0:25  SCV  
  15  0:36  Refinery  
  15  0:39  SCV  
  16  0:46  Barracks  
  16  0:51  SCV  
  17  1:03  SCV  
  18  1:15  SCV  
  19  1:33  Orbital Command  
  19  1:34  Reaper  
  20  1:49  Command Center  
  20  2:01  SCV  
  21  2:08  Barracks  
  21  2:14  Barracks Reactor  
  21  2:17  SCV  
  22  2:24  Supply Depot  
  22  2:31  SCV  
  22  2:33  Factory  
  23  2:42  Supply Depot  
  22  2:50  SCV  
  23  2:53  Refinery  
  23  3:00  Orbital Command, Supply Depot  
  23  3:03  SCV  
  24  3:06  Marine x2  
  24  3:09  Barracks Tech Lab  
  26  3:20  SCV  
  26  3:26  Marine x2  
  29  3:28  Stimpack  
  29  3:29  SCV  
  29  3:32  SCV  
  31  3:37  Starport  
  31  3:41  Factory Reactor  
  31  3:42  Marine  
  31  3:44  Marine, SCV  
  31  3:46  Marine  
  35  3:50  SCV  
  36  4:00  Marine  
  36  4:01  SCV  
  38  4:04  Marine  
  38  4:05  SCV  
  38  4:06  Marine  
  41  4:15  Engineering Bay  
  41  4:16  SCV  
  42  4:25  Marine x3  
  42  4:27  SCV  
  42  4:31  Medivac x2  
  48  4:32  SCV  
  50  4:40  SCV  
  50  4:43  Marine  
  50  4:44  Engineering Bay  
  50  4:45  Factory Tech Lab  
  52  4:50  SCV  
  53  4:59  SCV, Barracks  
  54  5:00  Barracks  
  54  5:02  Marine, SCV  
  54  5:03  Marine x2  
  58  5:20  Marine, SCV x2  
  61  5:26  Refinery  
  54  5:35  Marine x2  
  54  5:40  Factory Tech Lab  
Tags
 
League
GoldGold
Matchup
TvT
Race
Terran
Spawn Locations
Cross Positions
Add a new tag
Caveats
  • Supply blocks, unpowered buildings, or Contaminate may cause inaccurate times.
  • Supply counts are checked every 10 seconds.